 Dungeon Crawl Stone Soup version 0.31-a0-165-g3f4f80340b (webtiles) character file.

Game seed: 4210135833333589091

957 qw the Skirmisher (level 8, -6/49 HPs)
             Began as a Gargoyle Hunter on June 13, 2023.
             Was a Follower of Okawaru.
             Mangled by an iguana (8 damage)
             ... on level 5 of the Dungeon.
             The game lasted 00:01:51 (3960 turns).

qw the Skirmisher (Gargoyle Hunter)                 Turns: 3960, Time: 00:01:51

Health: -6/49      AC: 17    Str: 15    XL:     8   Next: 14%
Magic:  4/9        EV: 13    Int: 10    God:    Okawaru [*.....]
Gold:   665        SH:  0    Dex: 15    Spells: 7/7 levels left

rFire   . . .        Y - +2 shortbow
rCold   . . .        (shield currently unavailable)
rNeg    + . .        e - +0 ring mail
rPois   inf          (no helmet)
rElec   +            c - +0 cloak
rCorr   .            n - +0 pair of gloves
SInv    .            d - +1 pair of boots
Will    .....        (no amulet)
Stlth   +++          (no ring)
HPRegen 0.28/turn    (no ring)
MPRegen 0.11/turn

%: no passive effects
@: heroic
A: sickness immunity, AC +5, negative energy resistance 1, electricity
resistance, torment resistance 1, petrification resistance
a: Renounce Religion, Heroism


You were on level 5 of the Dungeon.
You worshipped Okawaru.
Okawaru was aware of your devotion.
You visited 2 branches of the dungeon, and saw 6 of its levels.

You collected 917 gold pieces.
You spent 252 gold pieces at shops.


Innate Abilities, Weirdness & Mutations

You are immune to sickness and miasma.
Your stone body is resilient. (AC +5)
You are immune to poison.
You resist negative energy. (rN+)
You are resistant to electric shocks. (rElec)
You are resistant to unholy torment.
You are immune to petrification.


   Skills:
 - Level 5.0(10.0) Fighting
 - Level 8.1(13.1) Ranged Weapons
 - Level 3.1(8.1) Armour
 + Level 1.7(6.7) Dodging
 - Level 1.1(6.1) Stealth
 + Level 2.2 Invocations


You had 7 spell levels left.
You didn't know any spells.
Your spell library was empty.

Inventory:

Hand Weapons
 Y - a +2 shortbow (weapon)
Armour
 c - a +0 cloak (worn)
 d - a +1 pair of boots (worn)
 e - a +0 ring mail (worn)
 n - a +0 pair of gloves (worn)
Scrolls
 h - a scroll of identify
Potions
 a - 2 potions of resistance
 b - a potion of haste
 f - 3 potions of curing
 g - a potion of heal wounds {unknown}
 i - 2 potions of attraction
 j - 2 potions of enlightenment {unknown}
 m - a potion of might

Dungeon Overview and Level Annotations

Branches:
Dungeon (5/15)             Temple (1/1) D:4

Altars:
Ashenzari
Dithmenos
Elyvilon
Fedhas
Gozag
Hepliaklqana
Kikubaaqudgha
Makhleb
Nemelex Xobeh
Okawaru
Qazlal
Ru
Sif Muna
Trog
Uskayaw
Xom
The Shining One

Shops:
D:1 *   D:5 !


Message History

The shadow imp sputters.
The hound bites you but does no damage.
You shoot an arrow. The arrow hits the hound!
The hound is almost dead.
The hound closely misses you.
The shadow imp hits you but does no damage.
You shoot an arrow. The arrow hits the hound.
The hound is almost dead.
The hound closely misses you. The shadow imp closely misses you.
You shoot an arrow. The arrow hits the hound!
You kill the hound!
Okawaru accepts your kill.
You feel like a meek peon again. The shadow imp closely misses you.
Your Invocations skill increases to level 2!
3954 ||| INVOKING Heroism.
You gain the combat prowess of a mighty hero.
The shadow imp grins evilly.
The shadow imp gestures at you. Pain shoots through your body!
An iguana comes into view.
You shoot an arrow. The arrow barely misses the shadow imp.
The iguana hisses angrily.
You shoot an arrow. The arrow hits the shadow imp.
The shadow imp is heavily wounded.
The shadow imp hits you but does no damage.
You shoot an arrow. The arrow hits the shadow imp.
The shadow imp is almost dead.
The shadow imp hits you but does no damage.
You shoot an arrow. The arrow hits the shadow imp!
You kill the shadow imp!
Okawaru accepts your kill.
You shoot an arrow. The arrow hits the iguana!
The iguana is almost dead.
The iguana bites you but does no damage.
You shoot an arrow.
The arrow hits the iguana but does no damage.
The iguana is almost dead.
The iguana bites you!
You die...

#.......########
#....# #.....
##'###### ##...##
...### ..###.. #.#
##.....#.### .. .##
#.# ###.#...#...#
###'#####...#####...#
#....#....#.#...#...#
#....#....##.....#
#....#....###...##
#....#....##.###@#
###'##....#...#.l%#
#.##....#...#...#
#.##....#...#...#
#.##....##.###.#.
#.......###. .###.
#.......# . . #
#.......# . .
#......##


You could see an iguana.

Vanquished Creatures
  A water moccasin (D:4)
  A black bear (D:4)
  An ice beast (D:5)
  A centaur (D:5)
  A scorpion (D:4)
  A jelly (D:4)
  2 orc priests (D:3)
  3 hounds
  4 iguanas
  2 orc wizards
  7 adders
  A shadow imp (D:5)
  A white imp (D:5)
  An ufetubus (D:4)
  2 worms
  8 dart slugs
  12 orcs
  3 ball pythons (D:4)
  8 bats
  6 endoplasms
  A giant cockroach (D:1)
  4 goblins
  5 hobgoblins
  4 jackals (D:3)
  4 quokkas
  2 frilled lizards
  11 kobolds
  5 rats
102 creatures vanquished.

Notes
Turn   | Place    | Note
-------+----------+-------------------------------------------
     0 | D:1      | qw the Gargoyle Hunter began the quest for the Orb.
     0 | D:1      | Reached XP level 1. HP: 12/12 MP: 1/1
     0 | D:1      | 0 ||| qw: Version: 0.2-a-29-gc1b59c4
     0 | D:1      | 0 ||| qw: Game counter: 4701
     0 | D:1      | 0 ||| qw: Always use a shield: true
     0 | D:1      | 0 ||| qw: God list: Okawaru
     0 | D:1      | 0 ||| qw: Allow faded altars: false
     0 | D:1      | 0 ||| qw: Do Orc after D:15 true
     0 | D:1      | 0 ||| qw: Do second Lair branch before Depths: true
     0 | D:1      | 0 ||| qw: Lair rune preference: random
     0 | D:1      | 0 ||| qw: Plans: Normal, Zot:1-4, Slime:5, God:TSO, Crypt,
                  | Tomb, Abyss, Pan, Hells, Win
     0 | D:1      | 0 ||| PLANNING D:1-11
   100 | D:1      | Reached XP level 2. HP: 17/17 MP: 2/2
   285 | D:1      | Found Vurrenn's Assorted Antiques.
   287 | D:1      | You fall into a shaft and drop 1 floor!
   361 | D:2      | 361 ||| READING scroll labelled ESILAC CEXTEI.
   362 | D:2      | 362 ||| READING scroll labelled RIFUILL ONULL.
   363 | D:2      | 363 ||| READING scroll labelled APEUPO XAETE.
   364 | D:2      | 364 ||| DRINKING 2 amethyst potions.
   365 | D:2      | 365 ||| DROPPING scroll of butterflies.
   366 | D:2      | 366 ||| DROPPING potion of brilliance.
   543 | D:1      | 543 ||| SHOPLISTING forked lead wand (92 gold, have 43).
   543 | D:1      | 543 ||| BUYING fuming ruby potion (20 gold).
   543 | D:1      | Bought a fuming ruby potion for 20 gold pieces
   543 | D:1      | 543 ||| SHOPLISTING ichor-stained leather armour (161 gold,
                  | have 23).
   543 | D:1      | 543 ||| BUYING scroll labelled ACRAOD BAGOU (23 gold).
   543 | D:1      | Bought a scroll labelled ACRAOD BAGOU for 23 gold pieces
   543 | D:1      | 543 ||| SHOPLISTING scroll labelled POS KAKASMUVAN (23
                  | gold, have 0).
   543 | D:1      | 543 ||| SHOPLISTING scroll labelled QAGROI WAICH (23 gold,
                  | have 0).
   543 | D:1      | 543 ||| SHOPLISTING scroll labelled WOTRAA TUICLOF (23
                  | gold, have 0).
   610 | D:1      | Reached XP level 3. HP: 21/21 MP: 3/3
   716 | D:1      | Reached skill level 5 in Ranged Weapons
   940 | D:1      | 940 ||| UPGRADING to +0 pair of boots.
   945 | D:1      | 945 ||| READING scroll of enchant armour.
   945 | D:1      | 945 ||| ENCHANTING +0 pair of boots.
   946 | D:1      | 946 ||| READING scroll labelled ACRAOD BAGOU.
   947 | D:1      | 947 ||| READING scroll labelled HYEKKUO IPRUA.
  1111 | D:2      | Found a faded altar of an unknown god.
  1262 | D:2      | Reached skill level 3 in Fighting
  1286 | D:2      | Identified the +0 spear "Gargoyle's Peril" {heavy, Int+4}
  1377 | D:2      | 1377 ||| FLEEEEING.
  1378 | D:2      | 1378 ||| FLEEEEING.
  1413 | D:2      | Reached XP level 4. HP: 28/28 MP: 4/4
  1529 | D:2      | 1529 ||| UPGRADING to +0 ring mail.
  1539 | D:2      | 1539 ||| DROPPING +0 leather armour.
  1540 | D:2      | 1540 ||| READING scroll labelled WISOEX GOCOSK.
  1540 | D:2      | Identified a scroll of acquirement
  1540 | D:2      | 1540 ||| ACQUIRING 606 gold pieces
  1540 | D:2      | Acquired 606 gold pieces
  1542 | D:2      | 1542 ||| READING scroll labelled KOCEK ICVOANNU.
  1609 | D:3      | Reached skill level 1 in Armour
  2113 | D:3      | 2113 ||| UPGRADING to +0 cloak.
  2118 | D:3      | 2118 ||| READING 2 scrolls of identify.
  2118 | D:3      | 2118 ||| IDENTIFYING fuming ruby potion
  2142 | D:4      | 2142 ||| FLEEEEING.
  2143 | D:4      | 2143 ||| STAIRDANCE
  2160 | D:4      | 2160 ||| STAIRDANCE
  2175 | D:4      | 2175 ||| STAIRDANCE
  2222 | D:3      | Reached XP level 5. HP: 19/32 MP: 5/5
  2275 | D:4      | 2275 ||| STAIRDANCE
  2280 | D:3      | Reached skill level 6 in Ranged Weapons
  2294 | D:4      | 2294 ||| STAIRDANCE
  2310 | D:4      | Noticed a black bear
  2323 | D:4      | Killed a black bear
  2324 | D:4      | Reached XP level 6. HP: 16/39 MP: 6/6
  2457 | D:4      | Found a staircase to the Ecumenical Temple.
  2459 | D:4      | 2459 ||| PLANNING TEMPLE
  2459 | D:4      | 2459 ||| READING 2 scrolls labelled KEUVVITTOM.
  2460 | D:4      | 2460 ||| DROPPING scroll of blinking.
  2469 | Temple   | Entered the Ecumenical Temple
  2584 | Temple   | 2584 ||| PLANNING OKAWARU WORSHIP
  2655 | Temple   | Became a worshipper of Warmaster Okawaru
  2655 | Temple   | 2655 ||| PLANNING D:1-11
  3027 | D:4      | 3027 ||| READING scroll of enchant weapon.
  3027 | D:4      | 3027 ||| ENCHANTING +1 shortbow.
  3052 | D:4      | Reached skill level 7 in Ranged Weapons
  3052 | D:4      | Reached XP level 7. HP: 41/44 MP: 7/7
  3145 | D:4      | 3145 ||| Stepping ~*~*~tactically~*~*~ (outnumbered).
  3157 | D:4      | Reached skill level 3 in Armour
  3317 | D:4      | Found a burning altar of Makhleb.
  3530 | D:4      | 3530 ||| UPGRADING to +0 pair of gloves.
  3535 | D:4      | 3535 ||| READING scroll labelled VAYRELA GEJY.
  3536 | D:4      | 3536 ||| READING scroll labelled NEXUZE IHAUMAU.
  3537 | D:4      | 3537 ||| READING scroll labelled LEBLYI QIBIOWO.
  3538 | D:4      | 3538 ||| DRINKING 2 bubbling cyan potions.
  3539 | D:4      | 3539 ||| DRINKING 2 fizzy pink potions.
  3540 | D:4      | 3540 ||| READING 2 scrolls of identify.
  3540 | D:4      | 3540 ||| IDENTIFYING pink potion
  3550 | D:4      | Reached * piety under Okawaru
  3680 | D:5      | Entered Level 5 of the Dungeon
  3743 | D:5      | Found Daohydgh's Distillery.
  3752 | D:5      | 3752 ||| BUYING potion of attraction (33 gold).
  3752 | D:5      | Bought a potion of attraction for 33 gold pieces
  3752 | D:5      | 3752 ||| BUYING potion of curing (33 gold).
  3752 | D:5      | Bought a potion of curing for 33 gold pieces
  3752 | D:5      | 3752 ||| BUYING potion of curing (33 gold).
  3752 | D:5      | Bought a potion of curing for 33 gold pieces
  3752 | D:5      | 3752 ||| BUYING potion of resistance (110 gold).
  3752 | D:5      | Bought a potion of resistance for 110 gold pieces
  3758 | D:5      | Found a bloodstained altar of Trog.
  3774 | D:5      | Reached skill level 1 in Invocations
  3939 | D:5      | 3939 ||| INVOKING Heroism.
  3941 | D:5      | HP: 9/44 [ice beast (5)]
  3944 | D:5      | Reached skill level 8 in Ranged Weapons
  3944 | D:5      | Reached XP level 8. HP: 5/48 MP: 5/8
  3949 | D:5      | HP: 3/48 [hound (4)]
  3954 | D:5      | 3954 ||| INVOKING Heroism.
  3954 | D:5      | HP: 1/49 [shadow imp/nerve-wracking pain (3)]
  3960 | D:5      | Mangled by an iguana

Levels and vault maps discovered:
D:1:      doesnt_arrival_eight_statues, layout_basic, serial_shops,
          nicolae_shop_advertising_works [nicolae_subvault_shop_adworks],
          grunt_decor_cap
D:2:      layout_loops_ring, basic_ecumenical_altar, grunt_ministairs_1,
          supply_closet_lemuel
D:3:      layout_rooms
D:4:      cheibrodos_barr_body, layout_basic, kennysheep_little_box,
          minmay_temple_entry_gardened_gates
D:5:      nicolae_cairo_tiling, layout_basic,
          mainiacjoe_overflow_six_doors_small, serial_shops, shop,
          kennysheep_windowed_goal
Temple:   bh_familiar_temple

Skill      XL: |  1  2  3  4  5  6  7  8 |
---------------+-------------------------+-----
Ranged Weapons | 5 6 7 8 |  8.1
Fighting       | 3 4 5 |  5.0
Armour         | 1 3 |  3.1
Invocations    | 1 2 |  2.2
Dodging        | |  1.7
Stealth        | |  1.1

Action                     |  1- 3 |  4- 6 |  7- 9 || total
---------------------------+-------+-------+-------++-------
   Fire: Shortbow          |   103 |   215 |   117 ||   435
 Invoke: Heroism           |       |       |     2 ||     2
    Use: Scroll            |     6 |     5 |     4 ||    15
         Potion            |     1 |       |     2 ||     3
 Armour: Leather armour    |    13 |       |       ||    13
         Ring mail         |       |    94 |    55 ||   149
  Dodge: Dodged            |    12 |    76 |    62 ||   150

Table legend:
 A = Non-vault XP
 B = Vault XP
 C = Vault XP percentage of total XP
 D = Non-vault monster count
 E = Vault monster count
 F = Vault count percentage of total count
                 A         B        C        D         E       F
            +---------+---------+-------+---------+---------+-------
      Total |    1026 |     342 |  25.0 |      87 |      15 |  14.7
            +---------+---------+-------+---------+---------+-------
        D:1 |      37 |       0 |   0.0 |      20 |       0 |   0.0
        D:2 |      50 |       6 |  10.7 |      13 |       2 |  13.3
        D:3 |     175 |       0 |   0.0 |      21 |       0 |   0.0
        D:4 |     382 |     336 |  46.8 |      25 |      13 |  34.2
        D:5 |     382 |       0 |   0.0 |       8 |       0 |   0.0
            +---------+---------+-------+---------+---------+-------
